Map: Interloper LE

Players

Darkid

  • Race: Protoss Protoss
  • League: Diamond
  • Spawn Location: 11:00

Tanagra - Winner!

  • Race: Zerg Zerg
  • League: Diamond
  • Spawn Location: 5:00

VOD

Have the link to the VOD?

Description

Time

  • Played on: Aug. 18, 2017, 9:50 p.m.
  • Length: 4:27
Show
View Real Time Build Order
Export as new Build Order

Darkid Protoss 

Build Orders: 1 Gate Expand, Dark Templar Rush 

Get SALT Encoding   

  12  0:01  Probe (Chrono Boost)  
  13  0:11  Probe (Chrono Boost)  
  14  0:22  Pylon  
  14  0:23  Probe (Chrono Boost)  
  15  0:40  Probe (Chrono Boost)  
  15  0:42  Gateway  
  16  0:49  Assimilator  
  16  0:51  Probe (Chrono Boost)  
  17  1:02  Probe (Chrono Boost)  
  18  1:12  Probe (Chrono Boost)  
  19  1:23  Probe (Chrono Boost)  
  20  1:32  Nexus  
  20  1:45  Cybernetics Core  
  20  1:50  Pylon  
  20  1:54  Probe (Chrono Boost)  
  21  2:00  Assimilator  
  21  2:04  Probe (Chrono Boost)  
  22  2:09  Zealot  
  24  2:24  Twilight Council  
  24  2:27  Mothership Core (Chrono Boost)  
  26  2:39  Stalker  
  28  2:45  Probe x2 (Chrono Boost)  
  30  2:55  Probe (Chrono Boost)  
  31  2:59  Robotics Facility  
  31  3:04  Probe (Chrono Boost)  
  31  3:05  Probe (Chrono Boost)  
  33  3:15  Probe x2  
  35  3:25  Probe  
  36  3:27  Probe  
  36  3:31  Dark Shrine  
  37  3:36  Probe  
  37  3:39  Probe  
  39  3:42  Pylon  
  39  3:46  Probe  
  40  3:51  Probe  
  37  4:06  Gateway  
  37  4:08  Gateway  
  37  4:09  Gateway  
Show
View Real Time Build Order
Export as new Build Order

Tanagra Zerg - Winner!

Build Orders: Hatch First 

Get SALT Encoding   

  12  0:02  Drone  
  13  0:13  Overlord  
  13  0:17  Drone  
  14  0:31  Drone x2  
  16  0:35  Drone  
  17  0:55  Hatchery  
  16  1:00  Drone x2  
  18  1:04  Extractor  
  17  1:18  Spawning Pool  
  16  1:20  Drone  
  16  1:24  Drone  
  18  1:29  Drone  
  19  1:43  Drone  
  20  1:56  Overlord  
  20  2:04  Queen  
  20  2:05  Metabolic Boost  
  22  2:09  Queen  
  22  2:12  Zergling x2  
  22  2:15  Drone  
  26  2:18  Drone  
  27  2:27  Drone x2  
  29  2:30  Drone  
  29  2:33  Overlord  
  30  2:37  Evolution Chamber  
  30  2:41  Zergling x2  
  30  2:52  Zergling x4  
  30  2:55  Zergling x2  
  33  3:05  Zergling x2  
  34  3:09  Zergling x2  
  35  3:14  Hatchery  
  34  3:24  Drone  
  34  3:25  Drone x6  
  41  3:28  Extractor  
  41  3:30  Spore Crawler  
  39  3:45  Zergling x8  
  40  3:56  Drone x4  
  40  3:57  Overlord x2  
Tags
 
Add a new tag
Caveats
  • Supply blocks, unpowered buildings, or Contaminate may cause inaccurate times.
  • Supply counts are checked every 10 seconds.